[Event "Frauenbundesliga 2021-22"]
[Site "Germany"]
[Date "2022.09.04"]
[Round "7.2"]
[White "Stefanova, Antoaneta"]
[Black "Kulon, Klaudia"]
[Result "1-0"]
[ECO "E73"]
[WhiteElo "2445"]
[BlackElo "2319"]
[Annotator "TA"]
[PlyCount "107"]
[EventDate "2021.11.26"]
[EventType "team-tourn"]
[EventCountry "GER"]
[SourceTitle "playchess.com"]
[Source "ChessBase"]
[SourceQuality "1"]
[WhiteTeam "BAD"]
[BlackTeam "LEI"]
[WhiteTeamCountry "BUL"]
[BlackTeamCountry "POL"]
[TimeControl "40/5400+30:1800+30"]

1. c4 Nf6 2. d4 g6 3. Nc3 Bg7 4. e4 O-O 5. h4 d6 6. Be2 c5 7. d5 e6 8. h5 exd5 {[%emt 0:00:30] E73: King's Indian: Averbakh Variation without 6...c5.} 9. exd5 Nbd7 {[%emt 0:06:30] [#]} 10. Bg5 $146 ({Predecessor:} 10. Kf1 Ne5 11. h6 Bh8 12. Bg5 Qb6 13. b3 a6 14. Nf3 Nxf3 15. Bxf3 Re8 16. Rc1 {1-0 (41) Anuj,S (2350)-Hesham,A (2424) Ahmedabad 2022}) 10... Re8 {[%emt 0:06:30] Black has an edge.} (10... h6 $5 11. Bd2 g5 $11) 11. Qd2 (11. h6 $11 Bh8 12. Nf3) 11... a6 $1 $15 12. Kf1 b5 13. cxb5 axb5 (13... Qb6 $5 ) 14. hxg6 fxg6 (14... hxg6 $5 15. Bh6 (15. Bxb5 Qa5 $11) (15. Nxb5 $2 Ne4 $19) 15... Bh8 16. Bxb5 (16. Nxb5 Ne4 $17) 16... Qb6 $11) 15. Bxb5 Qb6 16. Bxf6 Bxf6 17. Nge2 Re7 18. a4 Ba6 19. g3 $2 (19. Kg1 $11 {and White is okay.}) 19... Ne5 $2 (19... Bxc3 $19 20. Nxc3 Bxb5+ 21. Nxb5 Rxa4 $3 ) 20. Kg2 $14 Bb7 (20... Rf8 $11) 21. Ne4 (21. a5 $1 $16 Qc7 22. Nf4) 21... Bg7 22. N2c3 $1 Nf7 {[%emt 0:10:04] Prevents Qg5.} 23. Qf4 {[%emt 0:02:26] Black must now prevent Qh4. White is more active.} h6 $2 (23... Bxc3 $16 24. Nxc3 Ne5) 24. Nf6+ $18 Kh8 25. Nce4 $2 {[%emt 0:00:21] Pair of Knights!} (25. Rh2 $18 {has better winning chances. Hoping for Rah1.} Bc8 26. Nce4) 25... Rf8 $2 (25... Rxe4 $16 26. Nxe4 Bxd5) 26. Rad1 $2 (26. Qg4 Bxf6 27. Nxf6 Bxd5+ 28. Nxd5) 26... Qd8 27. Qg4 Ne5 28. Qg5 Rxf6 29. Nxf6 {[%emt 0:06:39] Chess con chili.} Qf8 30. f4 Bxf6 31. Qxh6+ Qxh6 32. Rxh6+ Kg7 {[%emt 0:00:39] [#]} 33. fxe5 Rxe5 34. Rh2 Bxd5+ 35. Kf1 Rg5 36. Rhd2 ({Better is} 36. a5) 36... Bb3 $16 37. Re1 ({Don't take} 37. Rxd6 Bxd1 38. Rd7+ (38. Rxd1 Bxb2 39. Rd3 Kf6 $11) 38... Kh6 39. Rxd1 Bxb2 $14) 37... Bd4 {[%emt 0:00:57] [#]} 38. Rxd4 $1 cxd4 $14 {[%emt 0:00:04][%mdl 4096] Endgame KRB-KRB} 39. Re4 Rd5 {[%emt 0:05:32] [#] ...d3 is the strong threat.} 40. Ke2 (40. Ke1 $1 $16) 40... Bc2 (40... Re5 $11 {remains equal.} 41. Rxe5 dxe5) 41. Rf4 $16 {[%emt 0:14:47] Strongly threatening b4.} g5 42. Rf1 {[%emt 0:00:52] aiming for Kd2.} Bg6 {[%emt 0:02:30] [#]} (42... Rc5 $16) 43. Kd2 $1 $18 g4 $2 (43... Re5 {was worth a try.}) 44. Rf4 Bf5 (44... Rh5 $142 45. Rxd4 (45. Rxg4 Rh2+ 46. Ke1 Kf6 $18) 45... Rh2+ 46. Be2 Be8) 45. Bc4 Rc5 46. Rxd4 Kf6 47. b4 Ke5 48. Ke3 ({Less strong is} 48. bxc5 Kxd4 49. Be2 dxc5 $14) 48... Rc6 49. a5 {[%emt 0:00:56][%cal Ba4a5,Ba5a6][%mdl 32] Threatens to win with b5.} Bc8 50. Re4+ Kf5 51. b5 Rc5 52. Bd3 Kf6 53. a6 Rc3 54. Rc4 {[%emt 0:01:08] Weighted Error Value: White=0.51/Black=0.96} 1-0

[Event "Frauenbundesliga 2021-22"]
[Site "Germany"]
[Date "2022.09.04"]
[Round "7.3"]
[White "Hincu, Olga"]
[Black "Arakhamia-Grant, Ketevan"]
[Result "1/2-1/2"]
[ECO "D02"]
[WhiteElo "2070"]
[BlackElo "2354"]
[Annotator "NA RC"]
[PlyCount "72"]
[EventDate "2021.11.26"]
[EventType "team-tourn"]
[EventCountry "GER"]
[SourceTitle "playchess.com"]
[Source "ChessBase"]
[SourceQuality "1"]
[WhiteTeam "LEI"]
[BlackTeam "BAD"]
[WhiteTeamCountry "MDA"]
[BlackTeamCountry "SCO"]
[TimeControl "40/5400+30:1800+30"]

1. d4 Nf6 2. Nf3 g6 3. Nbd2 d5 4. e3 Bg7 5. b4 O-O 6. Be2 Nbd7 7. Bb2 a5 $14 8. b5 a4 9. c4 c6 10. O-O cxb5 11. cxb5 Nb6 12. Ba3 Ne4 13. Nxe4 dxe4 14. Nd2 f5 15. f3 Bh6 16. f4 Be6 17. Rc1 Bxa2 18. g4 Bf7 19. Nc4 Nxc4 20. Bxc4 Qd7 21. gxf5 gxf5 22. Qh5 Bxc4 23. Rxc4 Rf6 24. Rfc1 Bf8 25. Rc7 Qxb5 26. Kh1 Rg6 27. Bxe7 Qb2 28. Rg1 Rxg1+ 29. Kxg1 Bxe7 30. Rxe7 Qc1+ 31. Kf2 Qd2+ 32. Kf1 Qd3+ 33. Kf2 Qd2+ 34. Kf1 Qd3+ 35. Kf2 Qd2+ 36. Kf1 Qd3+ 1/2-1/2

[Event "Frauenbundesliga 2021-22"]
[Site "Germany"]
[Date "2022.09.04"]
[Round "7.4"]
[White "Heinemann, Josefine"]
[Black "Schulz, Petra"]
[Result "1-0"]
[ECO "C07"]
[WhiteElo "2290"]
[BlackElo "1991"]
[Annotator "TA"]
[PlyCount "47"]
[EventDate "2021.11.26"]
[EventType "team-tourn"]
[EventCountry "GER"]
[SourceTitle "playchess.com"]
[Source "ChessBase"]
[SourceQuality "1"]
[WhiteTeam "BAD"]
[BlackTeam "LEI"]
[WhiteTeamCountry "GER"]
[BlackTeamCountry "GER"]
[TimeControl "40/5400+30:1800+30"]

1. e4 e6 2. d4 d5 3. Nd2 c5 4. exd5 Qxd5 5. Ngf3 cxd4 6. Bc4 Qd6 7. O-O Nf6 8. Nb3 Nc6 9. Nbxd4 Nxd4 10. Nxd4 a6 11. Re1 Be7 12. c3 {[%emt 0:01:30] C07: French Tarrasch: 3...c5, 4 Ngf3 and 4 exd5 Qxd5.} Qc7 13. Bb3 b6 ({Better is} 13... Bd7 $14) 14. Qf3 $16 {[%emt 0:05:30] White is better.} Bb7 {[%emt 0:00:30] [#]} 15. Bf4 $146 ({Predecessor:} 15. Qh3 O-O 16. Bg5 Rfe8 17. Bc2 g6 18. f4 Nd5 19. Rf1 Bxg5 20. fxg5 Rad8 21. Rf2 {0-1 (59) Bayo Milagro,A (2138)-Grynszpan,M (2390) San Sebastian 2015}) 15... Qc8 (15... Qd7 $16 16. Qh3 Bd5) 16. Qh3 (16. Qd3 $18 {and White stays clearly on top.}) 16... Bd5 17. Bc2 Qb7 18. Be5 {[%emt 0:05:30] 0x0.00264cf1c310dp-1022s more active pieces. The black rooks are badly placed.} O-O-O 19. c4 $36 {[%emt 0:07:30][%mdl 2048] White is really pushing.} Bxc4 {[%emt 0:16:30][%mdl 8192] This move loses the game for Black.} (19... Bc6 $16 {was worth a try.}) 20. Rac1 $18 ({Weaker is} 20. Qc3 b5 21. b3 Ng4 $18) 20... Kd7 $2 (20... Bc5 21. Bd3 Nd7) 21. Ba4+ {[%emt 0:00:30][%mdl 64] [#] Discovered Attack} b5 22. Rxc4 {[%emt 0:00:30] Strongly threatening Rc7+.} Nd5 {[%emt 0:00:00] Prevents Rc7+.} 23. Bxg7 {[%emt 0:07:30][%cal Rd4e6] Nxe6 is the strong threat.} Rhg8 {[%emt 0:00:00] [#]} 24. Nxe6 $1 {[%emt 0:00:30] Weighted Error Value: White=0.10 (very precise) /Black=1.19} 1-0

[Event "Frauenbundesliga 2021-22"]
[Site "Germany"]
[Date "2022.09.04"]
[Round "7.5"]
[White "Germann, Heike"]
[Black "Kachiani-Gersinska, Ketino"]
[Result "1/2-1/2"]
[ECO "A57"]
[WhiteElo "1992"]
[BlackElo "2295"]
[Annotator "RC"]
[PlyCount "41"]
[EventDate "2021.11.26"]
[EventType "team-tourn"]
[EventCountry "GER"]
[SourceTitle "playchess.com"]
[Source "ChessBase"]
[SourceQuality "1"]
[WhiteTeam "LEI"]
[BlackTeam "BAD"]
[WhiteTeamCountry "GER"]
[BlackTeamCountry "GER"]
[TimeControl "40/5400+30:1800+30"]

1. d4 Nf6 2. c4 c5 3. d5 b5 4. cxb5 a6 5. f3 axb5 6. e4 Qa5+ 7. Bd2 b4 8. Na3 Ba6 9. Nc4 Bxc4 10. Bxc4 d6 11. Nh3 g6 12. O-O Bg7 13. a3 Qb6 14. Qb3 Nfd7 15. axb4 Rxa1 16. Rxa1 cxb4+ 17. Kf1 Qd4 18. Qxb4 Qxb2 19. Qxb2 Bxb2 20. Rb1 Bd4 21. Bb5 1/2-1/2

[Event "Frauenbundesliga 2021-22"]
[Site "Germany"]
[Date "2022.09.04"]
[Round "7.6"]
[White "Tammert, Iamze"]
[Black "Just, Anita"]
[Result "1-0"]
[ECO "A21"]
[WhiteElo "2299"]
[BlackElo "1895"]
[Annotator "TA"]
[PlyCount "93"]
[EventDate "2021.11.26"]
[EventType "team-tourn"]
[EventCountry "GER"]
[SourceTitle "playchess.com"]
[Source "ChessBase"]
[SourceQuality "1"]
[WhiteTeam "BAD"]
[BlackTeam "LEI"]
[WhiteTeamCountry "GER"]
[BlackTeamCountry "GER"]
[TimeControl "40/5400+30:1800+30"]

1. c4 e5 2. Nc3 f5 3. d3 Nf6 4. g3 Bb4 5. Bg2 O-O 6. Qb3 {[%emt 0:02:30] A21: English Opening: 1...e5 2 Nc3.} Bxc3+ 7. Qxc3 d6 8. Nf3 {[%emt 0:07:30] The position is equal.} Nc6 9. b4 {[%emt 0:01:30][%cal Bb2b4,Bb4b5][%mdl 32] [#]} a5 $146 ({Predecessor:} 9... Qd7 10. O-O Qe8 11. b5 Nd8 12. a4 Ne6 13. Ba3 h6 14. c5 e4 15. Nd4 Nxc5 16. Bxc5 dxc5 17. Qxc5 {1-0 (24) Thurlow,K (2234)-Cook,D (2268) ICCF email 2019}) 10. b5 Nb8 11. O-O (11. Ba3 {is more complex.} Nbd7 12. c5 e4 13. Nd4) 11... Nbd7 12. Ba3 Qe7 13. Rac1 {[%emt 0:03:30] White is more active.} c5 {[%emt 0:04:30] [#]} (13... e4 $1 $14) 14. bxc6 $1 $16 bxc6 15. Nd2 (15. Nh4 $16 Nb8 16. Rb1) 15... Ra6 $14 16. e3 c5 17. d4 Ng4 18. Rb1 f4 (18... e4 $14) 19. dxc5 dxc5 20. exf4 exf4 21. Rbe1 Qg5 22. Ne4 (22. h3 $18 Ngf6 23. Nf3) 22... Qh5 $16 {[%emt 0:02:30][%csl Gg4][%cal Rh5h2] [#]} 23. h3 ({White must play} 23. h4 $1 $16) 23... Rh6 $2 {[%emt 0:06:30][%mdl 8192] A mistake that costs the game.} 24. gxf4 $18 ({But not} 24. Qxa5 $2 f3 25. h4 fxg2 26. Kxg2 Bb7 $19) (24. Bb2 Ngf6 25. g4 (25. Qxa5 $2 f3 $19) (25. gxf4 Nb6 $16) 25... Qh4 $18) (24. Nxc5 f3 25. Nxd7 (25. Bxf3 Qxh3 26. Bd5+ Kh8) 25... fxg2 26. Bxf8 Nf6 27. Nxf6+ Rxf6 $11) 24... Rxf4 $2 (24... Ngf6 25. Nd6 (25. Qxa5 Nxe4 26. Rxe4 Ra6 $11) 25... Rg6) 25. Qg3 g5 (25... Rxe4 $142 26. Bxe4 Ngf6) 26. Bc1 ({Don't blunder} 26. hxg4 $2 Rxg4 27. Re3 Rxg3 28. fxg3 Qh2+ 29. Kf2 Ne5 $19) 26... Rxe4 27. Rxe4 Ngf6 28. Qxg5+ (28. Re7 $142) 28... Qxg5 29. Bxg5 Rg6 30. Bxf6 Nxf6 31. Re3 Ba6 32. Rc1 Nh5 33. Kh2 Nf4 34. Rg3 Nxg2 (34... Kf7 $142 35. Bd5+ Ke7 36. Re3+ Kd7) 35. Rxg6+ hxg6 36. Kxg2 {[%emt 0:00:02][%mdl 4096] Endgame KR-KB} Kf7 37. Kg3 Kf6 38. Kf4 g5+ 39. Ke4 {[%emt 0:00:25] Black must now prevent Kd5.} Bb7+ 40. Ke3 Ke5 41. Rg1 Kf5 42. Rg4 Bc6 43. f4 gxf4+ 44. Rxf4+ Kg6 45. Rh4 Kg5 46. Rh8 Bb7 47. Rb8 {[%emt 0:00:00] Weighted Error Value: White=0.37/Black=0.61} 1-0

[Event "Frauenbundesliga 2021-22"]
[Site "Germany"]
[Date "2022.09.04"]
[Round "7.7"]
[White "Reizniece-Ozola, Dana"]
[Black "Klek, Hanna Marie"]
[Result "1/2-1/2"]
[ECO "A20"]
[WhiteElo "2283"]
[BlackElo "2314"]
[Annotator "NA RC"]
[PlyCount "97"]
[EventDate "2021.11.26"]
[EventType "team-tourn"]
[EventCountry "GER"]
[SourceTitle "playchess.com"]
[Source "ChessBase"]
[SourceQuality "1"]
[WhiteTeam "LOE"]
[BlackTeam "DEI"]
[WhiteTeamCountry "LAT"]
[BlackTeamCountry "GER"]
[TimeControl "40/5400+30:1800+30"]

1. c4 e5 2. g3 c6 3. d4 e4 4. d5 Bb4+ 5. Bd2 Qe7 6. Nc3 Nf6 7. Bg2 O-O 8. Nh3 cxd5 9. cxd5 d6 10. Nxe4 Bxh3 11. Nxf6+ Qxf6 12. Bxh3 Qxb2 13. Bxb4 Qxb4+ 14. Qd2 Qxd2+ 15. Kxd2 Na6 16. e4 Rfe8 17. Rhe1 Nc5 18. Bg2 Re7 19. Re3 Rae8 20. Rae1 f6 21. f4 b5 22. Kc3 b4+ 23. Kd4 b3 24. axb3 Rb8 25. e5 $1 Nxb3+ 26. Kd3 Nc5+ 27. Kc4 $16 Rbe8 28. Bh3 Kf8 29. Kd4 a5 30. exd6 Rxe3 31. Rxe3 Rxe3 32. Kxe3 Nb7 33. d7 Ke7 34. Kd4 Kd6 35. Kc4 Kc7 36. Kb5 g6 37. Be6 h6 38. h4 h5 39. f5 Nd6+ 40. Kxa5 gxf5 41. Kb4 Ne4 42. Bxf5 Nxg3 43. Be6 Ne4 44. Bf7 Kxd7 45. Bxh5 f5 46. Bg6 Nf6 47. Bxf5+ Ke7 48. Kc5 Nxd5 49. Kxd5 1/2-1/2

[Event "Frauenbundesliga 2021-22"]
[Site "Germany"]
[Date "2022.09.04"]
[Round "7.8"]
[White "Schleining, Zoya"]
[Black "Rogule, Laura"]
[Result "1-0"]
[ECO "D35"]
[WhiteElo "2320"]
[BlackElo "2317"]
[Annotator "NA RC"]
[PlyCount "83"]
[EventDate "2021.11.26"]
[EventType "team-tourn"]
[EventCountry "GER"]
[SourceTitle "playchess.com"]
[Source "ChessBase"]
[SourceQuality "1"]
[WhiteTeam "DEI"]
[BlackTeam "LOE"]
[WhiteTeamCountry "GER"]
[BlackTeamCountry "LAT"]
[TimeControl "40/5400+30:1800+30"]

1. d4 Nf6 2. c4 e6 3. Nc3 d5 4. Bf4 dxc4 5. e3 Nd5 6. Bxc4 Nxf4 7. exf4 g6 8. Nf3 Bg7 9. O-O O-O 10. Qd3 Nd7 11. Rad1 Qf6 12. g3 Rd8 13. Rfe1 c6 14. Qe2 b5 (14... Qe7 $11) 15. Bb3 Bb7 16. Ne4 Qe7 17. Neg5 Bf6 $14 18. h4 a6 19. Nh2 h6 20. Ne4 c5 21. d5 exd5 22. Bxd5 Bxd5 23. Nxf6+ Qxf6 24. Rxd5 h5 25. f5 c4 26. fxg6 fxg6 27. Nf3 Re8 28. Qxe8+ Rxe8 29. Rxe8+ Kf7 30. Re3 Nf8 31. Ng5+ Kg7 32. Rf3 Qxb2 33. Rf7+ Kg8 34. Rd8 Qb4 35. Rc7 Qe1+ 36. Kg2 Qe5 37. Rdc8 Qd6 38. Kh2 Qd2 39. Rf7 Qd6 40. Ne4 Qa3 41. Rcc7 Kh8 42. Nf6 1-0

[Event "Frauenbundesliga 2021-22"]
[Site "Germany"]
[Date "2022.09.04"]
[Round "7.9"]
[White "Berzina, Ilze"]
[Black "Koepke, Elena"]
[Result "0-1"]
[ECO "B52"]
[WhiteElo "2192"]
[BlackElo "2304"]
[Annotator "NA RC"]
[PlyCount "66"]
[EventDate "2021.11.26"]
[EventType "team-tourn"]
[EventCountry "GER"]
[SourceTitle "playchess.com"]
[Source "ChessBase"]
[SourceQuality "1"]
[WhiteTeam "LOE"]
[BlackTeam "DEI"]
[WhiteTeamCountry "LAT"]
[BlackTeamCountry "GER"]
[TimeControl "40/5400+30:1800+30"]

1. e4 c5 2. Nf3 d6 3. Bb5+ Bd7 4. Bxd7+ Qxd7 5. c4 Nf6 6. Nc3 Nc6 7. d4 cxd4 8. Nxd4 $14 g6 9. b3 Bg7 10. Bb2 Qg4 11. O-O Qxd1 12. Raxd1 Nxd4 13. Rxd4 O-O 14. Rd2 a6 15. Nd5 Nxd5 16. Bxg7 Kxg7 17. Rxd5 b5 18. cxb5 axb5 19. Rd2 Rfc8 20. Re1 Rc5 21. f4 Ra7 22. Kf2 g5 23. g3 h6 24. Kf3 Kf6 25. Re3 Rc1 26. Kg4 gxf4 27. gxf4 Ra8 28. e5+ dxe5 29. Rxe5 Rg1+ 30. Kh5 Rf1 31. Rxb5 Rxf4 32. a4 Rg8 33. Rbd5 Rg5+ 0-1

[Event "Frauenbundesliga 2021-22"]
[Site "Germany"]
[Date "2022.09.04"]
[Round "7.10"]
[White "Jelica, Mara"]
[Black "Otikova, Elina"]
[Result "1-0"]
[ECO "C78"]
[WhiteElo "2085"]
[BlackElo "2105"]
[Annotator "NA RC"]
[PlyCount "97"]
[EventDate "2021.11.26"]
[EventType "team-tourn"]
[EventCountry "GER"]
[SourceTitle "playchess.com"]
[Source "ChessBase"]
[SourceQuality "1"]
[WhiteTeam "DEI"]
[BlackTeam "LOE"]
[WhiteTeamCountry "CRO"]
[BlackTeamCountry "LAT"]
[TimeControl "40/5400+30:1800+30"]

1. e4 e5 2. Nf3 Nc6 3. Bb5 a6 4. Ba4 Nf6 5. O-O b5 6. Bb3 Bc5 7. c3 d6 8. d3 $11 (8. d4 $14 Bb6 9. a4) 8... O-O 9. a4 Rb8 10. axb5 axb5 11. Re1 h6 12. h3 Re8 13. Bc2 Bb6 14. Na3 Bd7 15. Nxb5 Bxf2+ 16. Kxf2 Rxb5 17. b4 Nh5 18. Kg1 Qf6 19. Rf1 Nf4 20. Bxf4 Qxf4 21. Qe1 Rb6 22. Bb3 Be6 23. Bxe6 fxe6 24. b5 Rxb5 25. Nd4 Nxd4 26. Rxf4 Nc2 27. Qd1 Nxa1 28. Rf1 Nb3 29. Qf3 Kh8 30. Qf7 Rg8 31. Qxc7 Rc5 32. Qxd6 Rxc3 33. Kh2 Nd4 34. Rd1 Rc2 35. Kh1 Ra8 36. Qxe5 Ne2 37. Rb1 Rd2 38. Rb8+ Rxb8 39. Qxb8+ Kh7 40. Qd6 Rd1+ 41. Kh2 e5 42. Qxe5 Rxd3 43. Qf5+ Kg8 44. Qc5 Rd2 45. Qb4 Rd4 46. Qb3+ Kh7 47. Qe3 Kg6 48. Qxe2 Kf6 49. Qf2+ 1-0

[Event "Frauenbundesliga 2021-22"]
[Site "Germany"]
[Date "2022.09.04"]
[Round "7.11"]
[White "Naumann, Nadine"]
[Black "Valkova, Angelika"]
[Result "0-1"]
[ECO "D36"]
[WhiteElo "1960"]
[BlackElo "2048"]
[Annotator "NA RC"]
[PlyCount "62"]
[EventDate "2021.11.26"]
[EventType "team-tourn"]
[EventCountry "GER"]
[SourceTitle "playchess.com"]
[Source "ChessBase"]
[SourceQuality "1"]
[WhiteTeam "LOE"]
[BlackTeam "DEI"]
[WhiteTeamCountry "GER"]
[BlackTeamCountry "UKR"]
[TimeControl "40/5400+30:1800+30"]

1. c4 e6 2. Nc3 Nf6 3. d4 d5 4. cxd5 exd5 5. Bg5 Be7 6. e3 c6 7. Bd3 O-O $11 8. Qc2 Nbd7 9. Nge2 Re8 10. O-O Nf8 11. f3 g6 12. Rad1 Ne6 13. Bh4 a6 14. Na4 b5 15. Nc5 Nxc5 16. dxc5 Nd7 17. Bf2 Bxc5 18. b4 Bxe3 19. Qxc6 Nb6 20. Bxe3 Rxe3 21. Nf4 d4 22. Be4 Ra7 23. Qc5 Rd7 24. Rd3 Nc4 25. Rxe3 dxe3 26. Nd5 f5 27. Nf6+ Qxf6 28. Qxc8+ Rd8 29. Bd5+ Kh8 30. Qe6 Qd4 31. Bxc4 e2+ 0-1

[Event "Frauenbundesliga 2021-22"]
[Site "Germany"]
[Date "2022.09.04"]
[Round "7.12"]
[White "Noppes, Marina"]
[Black "Giebel, Christine"]
[Result "1/2-1/2"]
[ECO "D78"]
[WhiteElo "1936"]
[BlackElo "1827"]
[Annotator "NA RC"]
[PlyCount "76"]
[EventDate "2021.11.26"]
[EventType "team-tourn"]
[EventCountry "GER"]
[SourceTitle "playchess.com"]
[Source "ChessBase"]
[SourceQuality "1"]
[WhiteTeam "DEI"]
[BlackTeam "LOE"]
[WhiteTeamCountry "GER"]
[BlackTeamCountry "GER"]
[TimeControl "40/5400+30:1800+30"]

1. d4 Nf6 2. Nf3 d5 3. c4 c6 4. g3 g6 5. Bg2 Bg7 $11 6. O-O O-O 7. Ne5 Qb6 8. Nc3 e6 9. Na4 Qd8 10. b3 Re8 11. Bb2 Nbd7 12. Nxd7 Bxd7 13. f3 Bf8 14. e4 b5 15. Nc5 e5 16. Nxd7 Nxd7 17. cxd5 cxd5 18. exd5 Qb6 19. Kh1 Rad8 20. dxe5 Nxe5 21. f4 Nd7 22. Qd2 b4 23. Rac1 Bc5 24. Rc4 Qd6 25. Bd4 Bxd4 26. Rxd4 a5 27. Rc1 Qe7 28. d6 Qe2 29. Bf1 Qf3+ 30. Qg2 Qe3 31. Rcd1 Nf6 32. h3 Ne4 33. Kh2 f5 34. d7 Re7 35. Bc4+ Kg7 36. R1d3 Qe1 37. Rd1 Qe3 38. R1d3 Qe1 1/2-1/2

[Event "Frauenbundesliga 2021-22"]
[Site "Germany"]
[Date "2022.04.10"]
[Round "8.1"]
[White "Paehtz, Elisabeth"]
[Black "Reizniece-Ozola, Dana"]
[Result "1/2-1/2"]
[ECO "E63"]
[WhiteElo "2507"]
[BlackElo "2283"]
[Annotator "TA"]
[PlyCount "76"]
[EventDate "2021.11.26"]
[EventType "team-tourn"]
[EventCountry "GER"]
[SourceTitle "playchess.com"]
[Source "ChessBase"]
[SourceQuality "1"]
[WhiteTeam "BAD"]
[BlackTeam "LOE"]
[WhiteTeamCountry "GER"]
[BlackTeamCountry "LAT"]
[TimeControl "40/5400+30:1800+30"]

1. d4 g6 2. Nf3 Bg7 3. g3 Nf6 4. Bg2 O-O 5. O-O d6 6. c4 Nc6 7. Nc3 a6 8. b3 $1 {[%emt 0:03:30][%mdl 4] is more profitable than 8.h3 at the moment.} Rb8 9. d5 Na5 {[%emt 0:00:00] E63: King's Indian: Fianchetto: Panno Variation with 7...a6.} 10. Bg5 c5 11. dxc6 $1 Nxc6 {[%emt 0:03:30] White is slightly better.} 12. Rc1 Bd7 13. h3 b5 {[%emt 0:10:30] [#]} 14. Nd2 $146 (14. Nd5 $14) ({Predecessor:} 14. cxb5 axb5 15. Nd4 Nxd4 16. Qxd4 Qa5 17. Qd2 Rfe8 18. Rfd1 b4 19. Bxf6 Bxf6 20. Nd5 {0-1 (47) Havaskori,L (2092)-Csolig,R (2142) Hungary 2008}) 14... b4 15. Na4 Nd4 16. Be3 Ne8 (16... Nf5 $5 17. Ba7 Bxa4 18. Bxb8 Bd7 $11) 17. Nb1 e5 18. Nd2 Nc7 19. c5 $1 Bxa4 20. bxa4 dxc5 21. Nb3 Nd5 22. Bxd5 Qxd5 23. Rxc5 Qe6 24. Qd3 Nf5 (24... Qxh3 {keeps more tension.} 25. Nxd4 Rbd8 26. Rfc1 h5) 25. Qc4 Nxe3 (25... Qd7 $11) 26. Qxe6 $14 fxe6 27. fxe3 e4 28. Rxf8+ (28. Rf4 {feels hotter.} Rbd8 29. Kg2 Rd1 30. Rc6) 28... Rxf8 {[%emt 0:00:59][%mdl 4096] Endgame KRB-KRN} 29. Rc4 Bc3 30. Rxe4 e5 31. Nc5 Kf7 (31... a5 $14) 32. Nxa6 Ra8 33. Nc5 {[%emt 0:00:00] Threatens to win with Rc4.} Ke7 $1 34. Rh4 $1 Kd6 {[%emt 0:01:03] [#]} ({Black should play} 34... h5 $1 $14) 35. Ne4+ $1 $16 Kd5 36. Nf6+ Ke6 37. Ne4 Kd5 $1 {[%emt 0:00:03] [#]} 38. Nf6+ ({White must play} 38. a3 $1 $16) 38... Ke6 {[%emt 0:00:02] Weighted Error Value: White=0.15 (very precise) /Black=0.15 (very precise)} 1/2-1/2

[Event "Frauenbundesliga 2021-22"]
[Site "Germany"]
[Date "2022.04.10"]
[Round "8.2"]
[White "Rogule, Laura"]
[Black "Stefanova, Antoaneta"]
[Result "1/2-1/2"]
[ECO "A11"]
[WhiteElo "2317"]
[BlackElo "2445"]
[Annotator "NA RC"]
[PlyCount "99"]
[EventDate "2021.11.26"]
[EventType "team-tourn"]
[EventCountry "GER"]
[SourceTitle "playchess.com"]
[Source "ChessBase"]
[SourceQuality "1"]
[WhiteTeam "LOE"]
[BlackTeam "BAD"]
[WhiteTeamCountry "LAT"]
[BlackTeamCountry "BUL"]
[TimeControl "40/5400+30:1800+30"]

1. c4 c6 2. Nf3 d5 3. e3 e6 4. b3 Nd7 5. Bb2 f5 6. Qc2 Ngf6 7. Nc3 Nc5 8. d3 a5 9. Be2 Bd6 10. Rd1 O-O 11. O-O $14 Bd7 12. Ba3 Be8 13. Nd4 Qe7 14. cxd5 Nxd5 15. Nxd5 exd5 16. Bxc5 Bxc5 17. Nxf5 Rxf5 18. d4 Rg5 19. dxc5 Bg6 20. Qc3 Be4 21. f3 Bf5 22. Rfe1 Rg6 23. e4 Qg5 24. Bf1 dxe4 25. fxe4 Be6 26. g3 h5 27. Rd6 h4 28. Rxe6 Rxe6 29. Bc4 Qxc5+ 30. Re3 Qe7 31. Qe5 Re8 32. Qxa5 b5 33. Bxe6+ Qxe6 34. Qd2 Qe5 35. gxh4 Rf8 36. Re1 Rf4 37. Kh1 Kh7 38. Qg2 Rxh4 39. a4 bxa4 40. bxa4 Kh6 41. Qc2 g6 42. Qd2+ Kh5 43. Qf2 Rf4 44. Qg2 g5 45. Qh3+ Kg6 46. Qg2 Qa5 47. Rg1 Qe5 48. Re1 Qa5 49. Rg1 Qe5 50. Re1 1/2-1/2

[Event "Frauenbundesliga 2021-22"]
[Site "Germany"]
[Date "2022.04.10"]
[Round "8.3"]
[White "Arakhamia-Grant, Ketevan"]
[Black "Berzina, Ilze"]
[Result "1-0"]
[ECO "B17"]
[WhiteElo "2354"]
[BlackElo "2192"]
[Annotator "NA RC"]
[PlyCount "89"]
[EventDate "2021.11.26"]
[EventType "team-tourn"]
[EventCountry "GER"]
[SourceTitle "playchess.com"]
[Source "ChessBase"]
[SourceQuality "1"]
[WhiteTeam "BAD"]
[BlackTeam "LOE"]
[WhiteTeamCountry "SCO"]
[BlackTeamCountry "LAT"]
[TimeControl "40/5400+30:1800+30"]

1. e4 c6 2. d4 d5 3. Nd2 dxe4 4. Nxe4 Nd7 5. Ng5 Ngf6 6. Bd3 e6 7. N1f3 Bd6 8. Qe2 h6 9. Ne4 Nxe4 10. Qxe4 Nf6 11. Qe2 Qc7 12. Bd2 b6 13. Ne5 Bb7 14. f4 c5 15. dxc5 Qxc5 ({But not} 15... Bxc5 16. O-O-O $11) 16. O-O-O Rc8 $14 17. Kb1 O-O 18. Rhg1 Qd4 19. Be3 Qb4 20. a3 Qa5 21. Nc4 Rxc4 22. Bxc4 Ne4 23. Qe1 Qa4 24. Bb3 Qc6 25. g4 a5 26. a4 Bb4 27. Qe2 Bc5 28. f5 Ba6 29. Qxa6 Bxe3 30. Rge1 Nf2 31. fxe6 Nxd1 32. exf7+ Kh8 33. Rxd1 Qf3 34. Re1 Qxg4 35. Ka2 Bc5 36. Re8 Qg6 37. Qc8 Qd6 38. Qf5 Qc6 39. Qe5 Qd6 40. Qh5 Qd4 41. c3 Qf2 42. Qg6 Qf6 43. Bc2 Qxg6 44. Bxg6 Bd6 45. Kb3 1-0